 Dungeon Crawl Stone Soup version 0.25-a0-464-g3004169c2b (webtiles) character file.

Game seed: 10610558428377510758, levelgen mode: deterministic

3008 mopl the Thaumaturge (level 9, -3/48 HPs)
             Began as a Deep Elf Ice Elementalist on Feb 4, 2020.
             Was a Priest of Vehumet.
             Slain by an unseen horror (5 damage)
             ... on level 8 of the Dungeon.
             The game lasted 00:26:04 (8112 turns).

mopl the Thaumaturge (Deep Elf Ice Elementalist)    Turns: 8112, Time: 00:26:05

Health: -3/48      AC:  5    Str:  5    XL:     9   Next: 54%
Magic:  9/24       EV: 29    Int: 24    God:    Vehumet [***...]
Gold:   61         SH:  0    Dex: 15    Spells: 15/27 levels left

rFire    . . .     SeeInvis .   x - +2 spear (vorpal)
rCold    + . .     Gourm    .   (no shield)
rNeg     . . .     Faith    .   e - +1 robe
rPois    +         Spirit   .   (no helmet)
rElec    .         Reflect  .   (no cloak)
rCorr    .         Harm     .   (no gloves)
MR       .....                  E - +1 pair of boots
Stlth    ++........             s - amulet of the acrobat
HPRegen  0.16/turn              h - ring of poison resistance
MPRegen  0.19/turn              K - ring of protection from cold

@: acrobat
A: no striking features
a: Renounce Religion


You were on level 8 of the Dungeon.
You worshipped Vehumet.
Vehumet was most pleased with you.
You were not hungry.

You visited 1 branch of the dungeon, and saw 9 of its levels.

You collected 465 gold pieces.
You spent 404 gold pieces at shops.

Inventory:

Hand Weapons
 a - a +1 dagger of draining
 x - a +2 vorpal spear (weapon)
 L - the +8 long sword of Mana {vorpal, *Corrode MR+++}
   (You found it on level 8 of the Dungeon)

   It inflicts extra damage upon your enemies.
   It affects your resistance to hostile enchantments.
   It may corrode you when you take damage.
Missiles
 m - 9 boomerangs (quivered)
 r - a throwing net
 B - 7 poisoned darts
Armour
 e - a +1 robe (worn)
 E - a +1 pair of boots (worn)
Jewellery
 h - a ring of poison resistance (left hand)
 j - an uncursed ring of positive energy
 l - a +5 ring of strength
 q - a +3 ring of dexterity
 s - an amulet of the acrobat (around neck)
 v - an uncursed ring of wizardry
 K - a ring of protection from cold (right hand)
 M - an uncursed ring of ice
Wands
 t - a wand of flame (24)
 C - a wand of digging (3)
 H - a wand of iceblast (9)
 I - a wand of acid (11)
Scrolls
 b - a scroll of noise {unknown}
 f - 7 scrolls of remove curse
 i - a scroll of enchant weapon {unknown}
 k - 2 scrolls of blinking {unknown}
 n - 3 scrolls of enchant armour
 w - a scroll of teleportation {unknown}
 y - 2 scrolls of fear {unknown}
 D - a scroll of magic mapping {unknown}
 J - a scroll of vulnerability {unknown}
 N - a scroll of amnesia {unknown}
Potions
 d - 2 potions of lignification {!q}
 g - 3 potions of curing
 o - a potion of flight
 p - 2 potions of haste
 u - a potion of mutation {!q}
 z - a potion of berserk rage {unknown}
 A - a potion of ambrosia
 G - a potion of might
 O - a potion of resistance
Comestibles
 c - 20 rations
 F - 2 chunks of flesh


   Skills:
 + Level 2.2 Fighting
 + Level 4.4 Dodging
 - Level 2.4 Stealth
 + Level 9.7 Spellcasting
 + Level 6.9 Conjurations
 - Level 1.1 Charms
 - Level 4.0 Summonings
 + Level 9.0 Ice Magic


You had 15 spell levels left.
You knew the following spells:

 Your Spells              Type           Power        Failure   Level  Hunger
a - Freeze                Ice            ####         1%          1    None
b - Hailstorm             Conj/Ice       ######..     1%          4    #......
d - Summon Ice Beast      Ice/Summ       #####...     3%          4    #......
s - Ozocubu's Armour      Chrm/Ice       #####...     1%          3    None

Your spell library contained the following spells:

 Spells                   Type           Power        Failure   Level  Hunger
 Stone Arrow              Conj/Erth      ####..       1%          3    None
 Beastly Appendage        Tmut           ##....       5%          1    None
 Sticks to Snakes         Tmut           ##......     9%          2    None
 Ice Form                 Ice/Tmut       ####....     9%          4    #......
 Spider Form              Tmut/Pois      ##........   16%         3    None
 Blade Hands              Tmut           ##........   83%         5    ####...


Dungeon Overview and Level Annotations

Branches:
Dungeon (9/15)             Temple (0/1) D:6
   Lair: D:8-11         Orc: D:9-12

Altars:
Cheibriados
Elyvilon
Fedhas
Hepliaklqana
Ru
Uskayaw
Vehumet
Xom
The Shining One

Shops:
D:8 **:*

Annotations:
D:3 3 runed translucent doors, AlbertJohn's ghost, amateur HOFi; Sigmund
D:5 3 runed translucent doors, kae's ghost, novice MfIE


Message History

* * * LOW HITPOINT WARNING * * *
Casting: Freeze (safe; 1% risk of failure)
Confirm with . or Enter, or press ? or * to list all spells.
Aiming: Freeze (safe; 1% risk of failure)
Press: ? - help, Shift-Dir - straight line There's nothing close enough!
Something hits you.
* * * LOW HITPOINT WARNING * * *
Casting: Freeze (safe; 1% risk of failure)
Confirm with . or Enter, or press ? or * to list all spells.
Aiming: Freeze (safe; 1% risk of failure)
Press: ? - help, Shift-Dir - straight line You freeze something.
Something hits you.
* * * LOW HITPOINT WARNING * * *
Something hits you but does no damage.
You feel better. Something hits you!
* * * LOW HITPOINT WARNING * * *
Unknown command.
Something closely misses you. Something closely misses you. Something hits you.
You die...

#...............∩.†..#
#.............#......#
#.............##.÷...#
##......########.....#
#......# #.....#
#......# #######
#......#
######.##############
#...@.>..............
#.#########..........
#Y# #.########.
#.#########.### ##
#.#...........# #
#....######.#.# #
###..# #....#.# # #..#
#.#..#.#######
#..###............#


There were no monsters in sight!

Vanquished Creatures
  A yak (D:7)
  A sky beast (D:7)
  2 phantoms (D:8)
  2 ogres (D:7)
  4 bullfrogs
  5 howler monkeys
  6 crimson imps
  A quasit (D:8)
  A jelly (D:5)
  2 hounds
  6 orc wizards
  An orc priest (D:3)
  A centaur skeleton (D:4)
  An iguana (D:8)
  13 worker ants
  A hound skeleton (D:5)
  A howler monkey skeleton (D:5)
  11 adders
  A shadow imp (D:7)
  An ooze (D:3)
  2 adder skeletons
  4 worms
  4 dart slugs
  4 leopard geckos
  27 orcs
  3 giant cockroaches
  11 goblins
  10 hobgoblins
  6 jackals
  10 kobolds
  4 quokkas
  A ball python (D:1)
  2 bats
  3 frilled lizards
  A jackal skeleton (D:4)
  4 rats
158 creatures vanquished.

Vanquished Creatures (collateral kills)
  3 hogs (D:7)
  A human (D:7)
  2 orc warriors
  A phantom (D:7)
  3 ogres
  A crocodile (D:7)
  A howler monkey (D:8)
  2 hounds
  2 orc priests
  A bullfrog skeleton (D:6)
  A centaur skeleton (D:4)
  A worker ant (D:8)
  3 gnolls (D:4)
  2 shadow imps
  An adder skeleton (D:7)
  4 orcs
  A frilled lizard (D:4)
  A leopard gecko skeleton (D:5)
31 creatures vanquished.

Grand Total: 189 creatures vanquished

Notes
Turn   | Place    | Note
-------+----------+-------------------------------------------
     0 | D:1      | mopl the Deep Elf Ice Elementalist began the quest for the
                  | Orb.
     0 | D:1      | Reached XP level 1. HP: 10/10 MP: 6/6
   251 | D:1      | Reached XP level 2. HP: 15/15 MP: 4/8
   430 | D:1      | Reached skill level 4 in Spellcasting
   430 | D:1      | Reached skill level 5 in Ice Magic
   453 | D:1      | Reached XP level 3. HP: 19/19 MP: 4/10
   707 | D:2      | Learned a level 3 spell: Ozocubu's Armour
   946 | D:2      | Reached XP level 4. HP: 24/24 MP: 4/12
  1269 | D:2      | Learned a level 4 spell: Hailstorm
  1308 | D:2      | Learned a level 4 spell: Summon Ice Beast
  1353 | D:2      | Found a white marble altar of Elyvilon.
  1354 | D:2      | Found a radiant altar of Vehumet.
  1368 | D:2      | Became a worshipper of Vehumet
  1464 | D:3      | Found a runed translucent gate.
  1464 | D:3      | Found a runed translucent gate.
  1464 | D:3      | Found a runed translucent gate.
  1468 | D:3      | Identified the +12 short sword of Disembowelment {chaos,
                  | rElec}
  1474 | D:3      | Noticed AlbertJohn's ghost (amateur HOFi)
  1490 | D:3      | Noticed Sigmund
  1833 | D:3      | Reached skill level 5 in Spellcasting
  1834 | D:3      | Reached skill level 1 in Conjurations
  2292 | D:3      | Reached skill level 1 in Summonings
  2292 | D:3      | Reached XP level 5. HP: 21/28 MP: 11/14
  2623 | D:3      | Reached skill level 2 in Conjurations
  2623 | D:3      | Noticed an orc warrior
  2654 | D:3      | Killed an orc warrior
  2654 | D:3      | Reached skill level 2 in Summonings
  2654 | D:3      | Reached skill level 6 in Ice Magic
  2654 | D:3      | Reached XP level 6. HP: 32/32 MP: 8/16
  2724 | D:3      | Reached * piety under Vehumet
  2724 | D:3      | Offered knowledge of Sandblast by Vehumet.
  3129 | D:4      | Reached skill level 6 in Spellcasting
  3166 | D:4      | Reached skill level 3 in Conjurations
  3166 | D:4      | Reached skill level 3 in Summonings
  3171 | D:4      | Reached XP level 7. HP: 36/36 MP: 2/18
  3797 | D:5      | Entered Level 5 of the Dungeon
  3864 | D:5      | Offered knowledge of Shock by Vehumet.
  3960 | D:5      | Reached ** piety under Vehumet
  3960 | D:5      | Reached skill level 1 in Charms
  4030 | D:5      | Reached skill level 7 in Spellcasting
  4030 | D:5      | Reached skill level 4 in Conjurations
  4044 | D:5      | Reached skill level 7 in Ice Magic
  4282 | D:5      | Found a runed translucent gate.
  4283 | D:5      | Found a runed translucent gate.
  4289 | D:5      | Found a runed translucent gate.
  4335 | D:5      | Noticed kae's ghost (novice MfIE)
  4736 | D:6      | Reached XP level 8. HP: 41/41 MP: 20/20
  4754 | D:6      | Reached skill level 4 in Summonings
  4815 | D:6      | Found a staircase to the Ecumenical Temple.
  5282 | D:6      | Reached skill level 5 in Conjurations
  5462 | D:6      | Reached skill level 8 in Spellcasting
  5789 | D:6      | Offered knowledge of Inner Flame by Vehumet.
  6032 | D:7      | Reached skill level 8 in Ice Magic
  6419 | D:7      | Reached skill level 6 in Conjurations
  6537 | D:7      | Found a glowing golden altar of the Shining One.
  6568 | D:7      | Reached skill level 3 in Dodging
  6568 | D:7      | Reached skill level 9 in Spellcasting
  6568 | D:7      | Reached XP level 9. HP: 44/46 MP: 9/24
  6570 | D:7      | Reached *** piety under Vehumet
  6573 | D:7      | Reached skill level 1 in Fighting
  7029 | D:7      | Found a shimmering altar of Xom.
  7036 | D:7      | Found a shimmering altar of Xom.
  7036 | D:7      | Found a snail-covered altar of Cheibriados.
  7038 | D:7      | Found a hazy altar of Hepliaklqana.
  7038 | D:7      | Found a sacrificial altar of Ru.
  7038 | D:7      | Found a hide-covered altar of Uskayaw.
  7406 | D:8      | Found Mouh's General Store.
  7411 | D:8      | Found Muosarchu's Assorted Antiques.
  7419 | D:8      | Bought a potion of might for 44 gold pieces
  7424 | D:8      | Bought a scroll labeled MEIRPH SERIG for 16 gold pieces
  7424 | D:8      | Bought a fluorescent wand for 64 gold pieces
  7424 | D:8      | Bought a forked lead wand for 64 gold pieces
  7424 | D:8      | Bought a scroll labeled QESUECK LAAQUO for 16 gold pieces
  7424 | D:8      | Bought a scroll of identify for 32 gold pieces
  7424 | D:8      | Bought a potion of curing for 48 gold pieces
  7458 | D:8      | Found Didojy's Book Emporium.
  7471 | D:8      | Offered knowledge of Stone Arrow by Vehumet.
  7514 | D:8      | Got a twisted long sword
  7515 | D:8      | Identified the +8 long sword of Mana {vorpal, *Corrode
                  | MR+++} (You found it on level 8 of the Dungeon)
  7559 | D:8      | Reached skill level 4 in Dodging
  7661 | D:8      | Found a blossoming altar of Fedhas.
  7676 | D:8      | Reached skill level 2 in Fighting
  7750 | D:8      | Reached skill level 9 in Ice Magic
  7914 | D:8      | Found Ythroqia's General Store.
  7918 | D:8      | Bought a potion of resistance for 120 gold pieces
  7992 | D:9      | Noticed a cyclops
  8110 | D:8      | HP: 1/48 [something (11)]
  8112 | D:8      | Slain by an unseen horror

Levels and vault maps discovered:
D:1:      wheals_arrival_linesprint, layout_basic
D:2:      cheibrodos_greedy_goblins, layout_basic,
          gammafunk_temple_overflow_pools, first_ration
D:3:      layout_basic, gammafunk_ghost_nasty_kobolds, uniq_sigmund
D:4:      layout_loops_ring, minivault_25
D:5:      layout_cave_pods, gammafunk_ghost_icy
D:6:      layout_basic, minmay_temple_entry_mini_moons, zaba_anthole
D:7:      layout_loops_ring, kennysheep_mini_moat, doesnt_xom_only_xom,
          grunt_livestock
D:8:      layout_basic, old_standard_altar, serial_shops, shop, shop_coins,
          shop, shop
D:9:      layout_cross, kennysheep_mini, kb_rosetta

Skill      XL: |  1  2  3  4  5  6  7  8  9 |
---------------+----------------------------+-----
Spellcasting   | 4 5 6 7 9 |  9.7
Ice Magic      | 5 6 7 8 9 |  9.0
Conjurations   | 1 2 3 4 6 |  6.9
Summonings     | 1 2 3 4 |  4.0
Charms         | 1 |  1.1
Dodging        | 3 4 |  4.4
Fighting       | 2 |  2.2
Stealth        | |  2.4

Action                   |  1- 3 |  4- 6 |  7- 9 || total
-------------------------+-------+-------+-------++-------
Melee: Unarmed           |     1 |       |       ||     1
       Dagger            |    10 |    33 |    85 ||   128
       Long sword        |       |       |    22 ||    22
       Spear             |       |       |     1 ||     1
Throw: Boomerang         |       |     1 |     9 ||    10
 Cast: Freeze            |    46 |    81 |   175 ||   302
       Ozocubu's Armour  |     1 |       |     2 ||     3
       Summon Ice Beast  |       |     7 |    32 ||    39
       Hailstorm         |       |       |     3 ||     3
  Use: Scroll            |     4 |       |     4 ||     8
       Potion            |       |       |     1 ||     1
 Stab: Sleeping          |     4 |     2 |     8 ||    14
       Distracted        |       |       |     1 ||     1
  Eat: Chunk             |       |     7 |    18 ||    25
Armor: Robe              |    10 |     5 |    30 ||    45
Dodge: Dodged            |    32 |    64 |   177 ||   273
       Rpst.: Long sword |       |       |    10 ||    10

Table legend:
 A = Non-vault XP
 B = Vault XP
 C = Vault XP percentage of total XP
 D = Non-vault monster count
 E = Vault monster count
 F = Vault count percentage of total count
                 A         B        C        D         E       F
            +---------+---------+-------+---------+---------+-------
      Total |    3461 |     837 |  19.5 |     169 |      20 |  10.6
            +---------+---------+-------+---------+---------+-------
        D:1 |      44 |       0 |   0.0 |      23 |       0 |   0.0
        D:2 |      66 |      19 |  22.4 |      15 |      10 |  40.0
        D:3 |     383 |       0 |   0.0 |      33 |       0 |   0.0
        D:4 |     411 |       0 |   0.0 |      14 |       0 |   0.0
        D:5 |     476 |       0 |   0.0 |      24 |       0 |   0.0
        D:6 |     504 |     165 |  24.7 |      16 |       5 |  23.8
        D:7 |     837 |     653 |  43.8 |      18 |       5 |  21.7
        D:8 |     675 |       0 |   0.0 |      21 |       0 |   0.0
        D:9 |      65 |       0 |   0.0 |       5 |       0 |   0.0
            +---------+---------+-------+---------+---------+-------
